Match 27593684
Unlisted

Match 27593684
End
Construct Barracks
Riflemen Squad
Riflemen Squad
Engineer Squad
Grenade Package
Riflemen Squad
Infantry Support Center
M1918 Browning Automatic Rifles
Riflemen Squad
Selects Advanced Infantry Battlegroup
Selects Convert to Ranger Squad
Selects Frontline Medical Station
Munitions Surplus
Frontline Medical Station
Convert to Ranger Squad
Survival Training
Riflemen Squad
Riflemen Squad
Convert to Ranger Squad
Selects Ranger Weapon Training
1⁄4-ton 4x4 Truck
Advanced Logistics
Convert to Ranger Squad
Selects Ammunition Storage
Construct Motor Pool
Convert to Ranger Squad
Selects M2A1 105mm Howitzer Emplacement
M1 Anti-tank Gun Team
Ghandalf (NL)
neurotypical cattle
Friendly Mouse(Poxie)
BarbarianBoss
Beercan
Ozie
Rhox45
Oberstleutnant Stieglitz
0
0

Comments sign in to comment!

No comments posted yet!